 Dungeon Crawl Stone Soup version 0.32-a0-938-g40ac7a0f4d (webtiles) character file.

Game seed: 4235696307685198278

17782 Revguard the Blocker (level 12, 0/101 HPs)
             Began as a Demonspawn Fighter on Apr 15, 2024.
             Was a Priest of Yredelemnul.
             Succumbed to a green death's blast of poison
             ... in a Gauntlet.
             The game lasted 00:32:58 (9389 turns).

Revguard the Blocker (Demonspawn Fighter)           Turns: 9389, Time: 00:32:58

Health: 0/101      AC: 19    Str: 22    XL:     12   Next: 21%
Magic:  18/18      EV:  7    Int:  8    God:    Yredelemnul [***...]
Gold:   794        SH:  7    Dex: 13    Spells: 11/11 levels left

rFire   . . .        K - +0 broad axe (flame)
rCold   + + .        v - +1 buckler {rC+}
rNeg    . . .        d - +0 plate armour
rPois   .            (helmet restricted)
rElec   .            B - +1 cloak {Will+}
rCorr   +            c - +2 pair of gloves
SInv    .            F - +0 pair of boots
Will    ++...        (no amulet) Stlth
                     b - ring of resist corrosion
HPRegen 0.36/turn    n - ring of protection from cold
MPRegen 0.16/turn

%: no teleportation
@: lethally poisoned (0 -> -54), enlightened, flying, wreathed by umbra
A: horns 2, powered by death 2, robust 1, spiny 2
a: Renounce Religion, Light the Black Torch, Recall Undead Harvest, Hurl
Torchlight


You were in a Gauntlet.
You worshipped Yredelemnul.
Yredelemnul was aware of your devotion.
You visited 2 branches of the dungeon, and saw 13 of its levels.
You also visited: Ossuary, Bailey and Gauntlet.

You collected 1041 gold pieces.
You spent 247 gold pieces at shops.

Inventory:

Hand Weapons
 a - a +1 war axe of electrocution
 u - a +0 broad axe
 K - a +0 broad axe of flaming (weapon)
Missiles
 N - 4 throwing nets (quivered)
Armour
 c - a +2 pair of gloves (worn)
 d - a +0 plate armour (worn)
 v - a +1 buckler of cold resistance (worn)
 B - a +1 cloak of willpower (worn)
 F - a +0 pair of boots (worn)
Jewellery
 b - a ring of resist corrosion (left hand)
 n - a ring of protection from cold (right hand)
 q - a ring of magical power
 r - a +6 ring of intelligence
 y - an amulet of faith
Wands
 k - a wand of flame (7)
 t - a wand of acid (2)
 w - a wand of paralysis (31)
 A - a wand of polymorph (3)
 C - a wand of warping (17)
Scrolls
 f - 2 scrolls of noise
 j - 3 scrolls of fear
 o - 6 scrolls of teleportation
 x - a scroll of torment
 E - 2 scrolls of immolation
 J - a scroll of amnesia
 P - a scroll of brand weapon
Potions
 e - a potion of enlightenment
 g - 4 potions of heal wounds
 h - a potion of lignification
 i - 2 potions of brilliance
 l - a potion of berserk rage {unknown}
 m - 7 potions of curing
 p - a potion of attraction
 s - a potion of haste {unknown}
 z - a potion of invisibility {unknown}
 D - a potion of degeneration {unknown}
 G - 3 potions of resistance {unknown}
 H - a potion of ambrosia {unknown}
 I - a potion of cancellation {unknown}
 M - a potion of magic {unknown}
Miscellaneous
 O - a Gell's gravitambourine (1/2)


   Skills:
 + Level 7.8 Fighting
 * Level 9.0 Axes
 + Level 6.7 Armour
 + Level 6.0 Dodging
 * Level 9.3 Shields
 + Level 8.8 Invocations
 + Level 6.6 Evocations


You had 11 spell levels left.
You didn't know any spells.
Your spell library contained the following spells:

 Spells                   Type           Power      Damage    Failure   Level
 Magic Dart               Conj           0%         1d3       100%        1
 Blink                    Tloc           0%         N/A       100%        2
 Call Imp                 Summ           0%         N/A       100%        2
 Alistair's Intoxication  Alch           0%         N/A       100%        5
 Borgnjor's Vile Clutch   Necr/Erth      0%         N/A       100%        5
 Dispersal                Tloc           0%         N/A       100%        6
 Eringya's Noxious Bog    Alch           0%         4d6       100%        6
 Gell's Gavotte           Tloc           0%         2d(11-16) 100%        6
 Manifold Assault         Tloc           0%         N/A       100%        7
 Disjunction              Tloc           0%         N/A       100%        8


Dungeon Overview and Level Annotations

Branches:
Dungeon (12/15)            Temple (1/1) D:6            Lair (0/5) D:11
    Orc (0/2) D:10        Ossuary (visited)          Bailey (visited)
Gauntlet (1/1)

Altars:
Ashenzari
Cheibriados
Dithmenos
Fedhas
Gozag
Hepliaklqana
Kikubaaqudgha
Makhleb
Nemelex Xobeh
Okawaru
Qazlal
Ru
Sif Muna
Trog
Uskayaw
Vehumet
Wu Jian
Xom
Yredelemnul
Beogh

Shops:
D:3 [   D:7 ([(

Portals:
Abyss: D:4

Annotations:
Gauntlet 13 transporters


Innate Abilities, Weirdness & Mutations

You have a pair of horns on your head.
You regenerate health from kills.
You are robust. (+10% HP)
You are mostly covered in sharp spines.


Message History

The green death is heavily wounded.
The green death barely misses you.
You barely miss the green death.
You headbutt the green death, but do no damage.
The green death is heavily wounded.
The green death gestures at you. The blast of poison engulfs you!
You are poisoned.
The green death is struck by your spines.
The green death hits you but does no damage.
It was a potion of enlightenment.
You feel very buoyant.
You fly up into the air.
You are engulfed in poison gas.
You are more poisoned.
You feel extremely sick.
The green death is struck by your spines.
The green death hits you but does no damage.
You barely miss the green death. You headbutt the green death.
The green death is almost dead.
You are engulfed in poison gas.
You are more poisoned.
You feel extremely sick. The green death gestures at you.
The blast of poison engulfs you but does no damage.
You are more poisoned.
You closely miss the green death.
The green death is almost dead.
You are engulfed in poison gas.
You are lethally poisoned!
* * * LOW HITPOINT WARNING * * *
You feel extremely sick. The green death gestures at you.
The blast of poison engulfs you!
You are more poisoned.
* * * LOW HITPOINT WARNING * * *
Blink to where?
Press: ? - help, Dir - move target, p - green death
As you read the scroll of blinking, it crumbles to dust.
You die...
Your body rises from the dead as a mindless zombie.

#.#○☼○○°....#.#G......
###.#.○○###...#.#..##.##
#ß#.#○○○☼#....#.#.#..#..
###.#°#.©#..#.#.#.#..#©.
#.#2#######.#.#..#####
###.#.#..#..#.#.#.#..#..
#ß#.#....#....#.#.#..#..
###.#...#.#...#.#G.##.##
#.#..@=©!)..#.#u.??©=.
###.###########.########
#ß#.....................
###≈....................
######################
#ß# #ß# #ß# #ß# #ß# #
### ### ### ### ### #


You could see a green death.

Vanquished Creatures
  2 vault guards (Bailey)
  A tengu warrior (Gauntlet)
  The ghost of Drangen the Shooter, a novice CoHu (D:7)
  Urug (D:11)
  The ghost of Decritt the Fighter, a novice GrFi of Ru (D:7)
  The ghost of PirateVox the Martial Artist, a novice GnSh of Hepliaklqana (D:7)
  A manticore (D:11)
  Joseph (D:7)
  An unseen horror (D:11)
  A kobold demonologist (D:8)
  A tengu conjurer (Gauntlet)
  The ghost of GreedOfGod the Slasher, an amateur DsGl (D:4)
  2 centaur simulacra (Gauntlet)
  2 wyverns
  A vampire (D:12)
  A small abomination (D:4)
  3 humans (Bailey)
  A shadow (D:9)
  A wraith (D:10)
  3 yaks (D:10)
  A steam dragon (D:8)
  Menkaure (D:4)
  An acid dragon (D:11)
  A water moccasin (D:5)
  4 orc warriors
  5 black bears
  2 ogres
  9 centaurs
  A wolf (D:11)
  2 phantoms
  6 kobold brigands (D:8)
  9 bullfrogs
  2 gnoll sergeants
  A scorpion (D:5)
  A cane toad simulacrum (Gauntlet)
  3 wights (D:7)
  8 killer bees (D:9)
  3 electric eels
  A howler monkey (D:7)
  A bombardier beetle (D:5)
  3 jellies
  A gnoll bouda (D:10)
  6 hounds
  9 orc priests
  A sleepcap (D:4)
  Crazy Yiuf (D:4)
  Jessica (D:3)
  Natasha (D:2)
  2 iguanas
  7 orc wizards
  Robin (D:3)
  8 mummies (Ossuary)
  18 gnolls
  2 adders
  An ufetubus (D:4)
  2 dart slugs
  2 ribbon worms
  25 orcs
  5 bats
  9 endoplasms
  A giant cockroach (D:3)
  23 goblins
  11 hobgoblins
  8 jackals
  15 kobolds
  2 quokkas
  5 ball pythons
  4 frilled lizards
  A gnoll zombie (Ossuary)
  A hobgoblin zombie (Ossuary)
  2 kobold zombies (Ossuary)
  4 orc zombies (Ossuary)
  4 rats
275 creatures vanquished.

Vanquished Creatures (collateral kills)
  Harold (D:11)
  A boulder beetle (D:11)
  A gargoyle (D:10)
  A komodo dragon (D:11)
  2 trolls (D:11)
  Prince Ribbit (Bailey)
  10 yaks
  An orc warrior (D:10)
  2 centaurs
  A kobold brigand (D:10)
  A bullfrog (Bailey)
  A killer bee (D:9)
  3 electric eels (D:11)
  4 hounds
  2 orc priests
  2 orcs
  A goblin (D:10)
  3 kobolds
38 creatures vanquished.

Vanquished Creatures (others)
  An unseen horror zombie (D:11)
  2 human zombies (Bailey)
  A bullfrog zombie (Bailey)
  A centaur zombie (D:8)
  A gnoll zombie (Bailey)
  A goblin zombie (Bailey)
  A hobgoblin zombie (Bailey)
  2 orc zombies
10 creatures vanquished.

Grand Total: 323 creatures vanquished

Notes
Turn   | Place    | Note
-------+----------+-------------------------------------------
     0 | D:1      | Revguard the Demonspawn Fighter began the quest for the
                  | Orb.
     0 | D:1      | Reached XP level 1. HP: 18/18 MP: 1/1
   172 | D:1      | Gained mutation: You are partially covered in sharp spines.
                  | [demonic ancestry]
   172 | D:1      | Reached XP level 2. HP: 24/24 MP: 2/2
   672 | D:2      | Noticed Natasha
   682 | D:2      | Killed Natasha
   683 | D:2      | Reached skill level 1 in Invocations
   683 | D:2      | Reached XP level 3. HP: 26/29 MP: 3/3
   736 | D:2      | Reached skill level 1 in Evocations
  1203 | D:3      | Noticed Jessica
  1217 | D:3      | Killed Jessica
  1218 | D:3      | Reached skill level 1 in Dodging
  1218 | D:3      | Reached XP level 4. HP: 32/35 MP: 4/4
  1262 | D:3      | Noticed Robin
  1266 | D:3      | Found Hitzao's Armour Shop.
  1279 | D:3      | Killed Robin
  1450 | D:3      | Gained mutation: You have a pair of small horns on your
                  | head. [demonic ancestry]
  1450 | D:3      | Reached XP level 5. HP: 41/41 MP: 6/6
  2106 | D:4      | Noticed Menkaure
  2116 | D:4      | Killed Menkaure
  2117 | D:4      | Gained mutation: You are mostly covered in sharp spines.
                  | [demonic ancestry]
  2117 | D:4      | Reached XP level 6. HP: 19/48 MP: 7/7
  2402 | D:4      | Gained mutation: You regenerate a little health from kills.
                  | [demonic ancestry]
  2402 | D:4      | Reached XP level 7. HP: 38/54 MP: 7/9
  2562 | D:4      | Found a one-way gate to the infinite horrors of the Abyss.
  2562 | D:4      | Noticed GreedOfGod's ghost (amateur DsGl)
  2596 | D:4      | Found a transporter.
  2648 | D:4      | Noticed a small abomination
  2655 | D:4      | Found a transporter.
  2718 | D:4      | Found a runed translucent door.
  2719 | D:4      | Noticed Crazy Yiuf
  2756 | D:4      | Killed Crazy Yiuf
  3001 | D:5      | Entered Level 5 of the Dungeon
  3460 | D:5      | Gained mutation: You have a pair of horns on your head.
                  | [demonic ancestry]
  3460 | D:5      | Reached XP level 8. HP: 57/61 MP: 10/10
  3659 | D:5      | Reached skill level 5 in Shields
  3966 | D:6      | Reached skill level 5 in Axes
  3968 | D:6      | Reached skill level 5 in Fighting
  4205 | D:6      | Found a staircase to the Ecumenical Temple.
  4214 | Temple   | Entered the Ecumenical Temple
  4271 | Temple   | Became a worshipper of Yredelemnul the Fallen
  4588 | D:7      | Found Antoup's Antique Weapon Shoppe.
  4604 | D:7      | Noticed Joseph
  4606 | D:7      | Reached XP level 9. HP: 51/68 MP: 12/12
  4616 | D:7      | Killed Joseph
  4617 | D:7      | Reached skill level 5 in Invocations
  4850 | D:7      | Found Xappag's Armour Shoppe.
  4852 | D:7      | Identified the +3 falchion of the Beloved God {freeze, rN+
                  | Will+ MP+9 Dex+2}
  4873 | D:7      | Bought a +1 buckler of cold resistance for 247 gold pieces
  4974 | D:7      | Found a sand-covered staircase.
  4979 | Ossuary  | Entered an ossuary
  5203 | D:7      | Found a runed translucent gate.
  5204 | D:7      | Found a runed translucent gate.
  5204 | D:7      | Found a runed translucent gate.
  5208 | D:7      | Noticed PirateVox's ghost (novice GnSh)
  5208 | D:7      | Noticed Drangen's ghost (novice CoHu)
  5208 | D:7      | Noticed Decritt's ghost (novice GrFi)
  5373 | D:7      | Found Irakhlez's Antique Weapon Emporium.
  5764 | D:4      | Killed GreedOfGod's ghost
  5776 | D:4      | Reached skill level 5 in Armour
  5988 | D:7      | Killed PirateVox's ghost
  5989 | D:7      | Reached XP level 10. HP: 32/76 MP: 14/14
  5990 | D:7      | Killed Decritt's ghost
  5993 | D:7      | Killed Drangen's ghost
  6497 | D:8      | Reached skill level 5 in Evocations
  6500 | D:8      | Reached * piety under Yredelemnul
  7441 | D:10     | Entered Level 10 of the Dungeon
  7490 | D:10     | Found a staircase to the Orcish Mines.
  7500 | D:10     | Reached skill level 5 in Dodging
  7503 | D:10     | Gained mutation: You regenerate health from kills. [demonic
                  | ancestry]
  7503 | D:10     | Reached XP level 11. HP: 77/83 MP: 16/16
  7515 | D:10     | Found a roughly hewn altar of Beogh.
  7524 | D:10     | Reached ** piety under Yredelemnul
  7659 | D:10     | Found a bloodstained altar of Trog.
  7794 | D:10     | Found a flagged portal.
  7801 | Bailey   | Entered a bailey
  7851 | Bailey   | Noticed Prince Ribbit
  7851 | Bailey   | Noticed a vault guard
  7861 | Bailey   | Killed Prince Ribbit
  7864 | Bailey   | Killed a vault guard
  7898 | Bailey   | Noticed a vault guard
  7912 | Bailey   | Killed a vault guard
  8281 | D:11     | Noticed Urug
  8290 | D:11     | Killed Urug
  8475 | D:11     | Noticed a boulder beetle
  8487 | D:11     | Killed a boulder beetle
  8717 | D:11     | Reached *** piety under Yredelemnul
  8721 | D:11     | Noticed Harold
  8727 | D:11     | Gained mutation: You are robust. (+10% HP) [demonic
                  | ancestry]
  8727 | D:11     | Reached XP level 12. HP: 44/100 MP: 13/18
  8727 | D:11     | Found a staircase to the Lair.
  8729 | D:11     | Killed Harold
  8947 | D:12     | Found a gate leading to a gauntlet.
  8953 | Gauntlet | Entered a Gauntlet
  8953 | Gauntlet | Found a transporter.
  8967 | Gauntlet | Found a transporter.
  8977 | Gauntlet | Found a transporter.
  8982 | Gauntlet | Found a transporter.
  8999 | Gauntlet | Found a transporter.
  9016 | Gauntlet | Found a transporter.
  9028 | Gauntlet | Found a transporter.
  9040 | Gauntlet | Found a transporter.
  9044 | Gauntlet | Noticed a death yak
  9044 | Gauntlet | Noticed a death yak
  9044 | Gauntlet | Noticed a death yak
  9044 | Gauntlet | Noticed a death yak
  9045 | Gauntlet | Noticed a death yak
  9052 | Gauntlet | Found a transporter.
  9054 | Gauntlet | Noticed a great orb of eyes
  9062 | Gauntlet | Found the +8 lance "Wyrmbane" {slay drac, rPois rF+ rC+
                  | AC+3}
  9062 | Gauntlet | Noticed a green death
  9064 | Gauntlet | Found a transporter.
  9081 | Gauntlet | Found a transporter.
  9081 | Gauntlet | Found a transporter.
  9107 | Gauntlet | Found a transporter.
  9107 | Gauntlet | Found a transporter.
  9129 | Gauntlet | Found a transporter.
  9151 | Gauntlet | Found a transporter.
  9228 | Gauntlet | Found a transporter.
  9228 | Gauntlet | Noticed a tengu warrior
  9293 | Gauntlet | Found a transporter.
  9340 | Gauntlet | Killed a tengu warrior
  9389 | Gauntlet | Succumbed to a green death's blast of poison

Illustrated notes

Levels and vault maps discovered:
D:1:      roadster_arrival_rocket_small, layout_basic
D:2:      layout_basic, serial_glass, glass_columns_b, glass_columns_a,
          glass_columns_b, glass_columns_b, glass_columns_b, glass_columns_a,
          uniq_natasha
D:3:      layout_basic, serial_shops, shop, small_statue_alley_b,
          kennysheep_donut, uniq_robin, uniq_jessica
D:4:      layout_loops_ring, gammafunk_ghost_abyssal_escape,
          uniq_crazy_yiuf_cottage, uniq_menkaure
D:5:      layout_gridville, hangedman_decor_push
D:6:      layout_cave_pools, lemuel_round_altar, temple_hall, serial_park,
          serial_park_tiny_2, serial_park_fountain, serial_park_tiny_1,
          serial_park_tiny_1, serial_park_tiny_pond, serial_park_gazebo
          [serial_park_minivault_5x5_7], serial_park_tiny_pond
D:7:      layout_loops_corners, gammafunk_ghost_cemetery,
          nicolae_ossuary_entry_ruins, serial_shops, shop, shop, shop,
          uniq_joseph
D:8:      layout_basic, special_room [special_room_kobold]
D:9:      layout_basic
D:10:     layout_big_octagon, mainiacjoe_overflow_surrounded_room,
          minmay_orc_entry_temple_small, enter_bailey_3
D:11:     layout_cave_pools, erik_lair_island, uniq_urug, uniq_harold
D:12:     layout_loops_ring, gauntlet_entry_generic, nicolae_diode_basic,
          uniq_snorg, uniq_sonja
Temple:   mainiacjoe_temple_cubbyholes
Gauntlet: gammafunk_gauntlet_one_two_three [gammafunk_gauntlet_arena_chambers,
          gammafunk_gauntlet_arena_grid, nicolae_gauntlet_arena_grate_2,
          nicolae_gauntlet_arena_t_cross, nicolae_gauntlet_arena_quarters,
          gammafunk_gauntlet_arena_corners,
          gammafunk_gauntlet_arena_split_diamond, nicolae_gauntlet_arena_x,
          nicolae_gauntlet_swirl, dreamdust_gauntlet_exit_labyrinth]

Skill      XL: |  1  2  3  4  5  6  7  8  9 10 11 12 |
---------------+-------------------------------------+-----
Axes           | 2 3 4 5 6 7 8 9 |  9.0
Shields        | 3 4 5 6 7 9 |  9.3
Invocations    | 1 2 3 4 6 7 8 |  8.8
Evocations     | 1 2 3 4 5 6 |  6.6
Dodging        | 1 2 3 4 5 6 |  6.0
Armour         | 3 4 5 6 |  6.7
Fighting       | 4 5 6 7 |  7.8

Action                     |  1- 3 |  4- 6 |  7- 9 | 10-12 || total
---------------------------+-------+-------+-------+-------++-------
  Melee: War axe           |    66 |    78 |   190 |   140 ||   474
         Headbutt          |       |     9 |    34 |    43 ||    86
         Broad axe         |       |       |       |    88 ||    88
 Invoke: Light the Black T |       |       |     1 |     5 ||     6
         Hurl Torchlight   |       |       |       |     1 ||     1
  Evoke: Wand              |       |       |     6 |     6 ||    12
         Gell's gravitambo |       |       |       |     1 ||     1
    Use: Potion            |       |     2 |     4 |     2 ||     8
         Scroll            |       |       |    12 |     6 ||    18
   Stab: Paralysed         |       |       |     3 |       ||     3
         Distracted        |       |       |       |     3 ||     3
 Armour: Scale mail        |    50 |    34 |       |       ||    84
         Chain mail        |       |    60 |   192 |     6 ||   258
         Skin              |       |       |     3 |       ||     3
         Plate armour      |       |       |       |   279 ||   279
  Dodge: Dodged            |    24 |    31 |    78 |   104 ||   237
  Block: Buckler           |    21 |    25 |    68 |    98 ||   212

Table legend: (Time is in decaauts)
 A = Elapsed time spent in this place.
 B = Non-inter-level travel time spent in this place.
 C = Inter-level travel time spent in this place.
 D = Time resting spent in this place.
 E = Time spent auto-exploring this place.
 F = Levels seen in this place.
 G = Mean time per level.
                   A        B        C        D        E       F      G
               +--------+--------+--------+--------+--------+-----+--------+
         Total |   9563 |   8989 |    574 |    131 |   6705 |  16 |  597.7 |
       Dungeon |   8568 |   8098 |    470 |    131 |   6196 |  12 |  714.0 |
        Temple |    112 |      8 |    104 |      0 |      0 |   1 |  112.0 |
       Ossuary |    170 |    170 |      0 |      0 |     93 |   1 |  170.0 |
        Bailey |    271 |    271 |      0 |      0 |    119 |   1 |  271.0 |
      Gauntlet |    440 |    440 |      0 |      0 |    297 |   1 |  440.0 |
               +--------+--------+--------+--------+--------+-----+--------+

Top non-repeatable levels by time:
     D:7: 1213 daAuts
     D:4: 1125 daAuts
     D:3: 930 daAuts
     D:5: 826 daAuts
     D:9: 786 daAuts
    D:11: 647 daAuts
     D:1: 617 daAuts
     D:6: 615 daAuts
     D:8: 612 daAuts
    D:10: 576 daAuts
     D:2: 568 daAuts
Gauntlet: 440 daAuts
  Bailey: 271 daAuts
 Ossuary: 170 daAuts
  Temple: 112 daAuts
